 Dungeon Crawl Stone Soup version 0.14.0-15-g6b16f67 (webtiles) character file.

1682 Kejsarherre the Geomancer (level 8, -4/41 HPs)
             Began as a Deep Elf Earth Elementalist on Apr 18, 2014.
             Killed from afar by Chiseanne's ghost (16 damage)
             ... with a stone arrow
             ... on Level 5 of the Dungeon.
             The game lasted 00:18:44 (5907 turns).

Kejsarherre the Geomancer (DEEE)                    Turns: 5907, Time: 00:18:44

HP  -4/41        AC  4     Str  5      XL: 8   Next: 53%
MP   6/21        EV 13     Int 23      God:
Gold 173         SH  0     Dex 15      Spells:  4 memorised,  0 levels left

rFire  . . .     SeeInvis .     a - +2,+1 dagger
rCold  . . .     Clarity  .     l - +0 robe
rNeg   . . .     Conserve .     (no shield)
rPois  .         rCorr    .     (no helmet)
rElec  .         rRot     .     (no cloak)
SustAb . .       Spirit   .     o - +1 pair of gloves
rMut   +         Warding  .     (no boots)
Saprov . . .     Stasis   .     p - amulet of resist mutation
MR     +....                    r - ring of protection from magic
                                j - ring of sustenance

@: somewhat resistant to hostile enchantments, fairly stealthy
A: no striking features
a: no special abilities


You were on level 5 of the Dungeon.
You were very hungry.

You visited 1 branch of the dungeon, and saw 6 of its levels.

You collected 173 gold pieces.

Inventory:

Hand weapons
 a - a +2,+1 dagger (weapon)
 f - a +2,+5 flail of crushing
 i - a +0,+1 war axe of flaming
 w - a +0 blowgun
Missiles
 x - 16 poisoned needles
Armour
 l - a +0 robe (worn)
 o - a +1 pair of gloves (worn)
Magical devices
 e - a wand of flame (24)
Comestibles
 b - 2 meat rations
 k - 3 bread rations
 n - a chunk of gnoll flesh
Scrolls
 g - a scroll of identify
 s - a scroll of remove curse
 v - a scroll of fear
Jewellery
 j - a ring of sustenance (left hand)
 p - an amulet of resist mutation (around neck)
 r - a ring of protection from magic (right hand)
Potions
 h - 2 potions of paralysis {unknown}
 q - a potion of might
 u - a potion of restore abilities
Books
 d - a book of Geomancy

   Spells                             Type                      Level
   *Sandblast                         Earth                        1
   Stoneskin                          Transmutation/Earth          2
   Passwall                           Transmutation/Earth          3
   *Stone Arrow                       Conjuration/Earth            3
   *Petrify                           Transmutation/Earth          4
   *Lee's Rapid Deconstruction        Earth                        5


   Skills:
 - Level 2.4 Dodging
 - Level 2.4 Stealth
 - Level 3.0 Spellcasting
 + Level 6.7 Conjurations
 + Level 5.4 Transmutations
 + Level 8.5 Earth Magic


You couldn't memorise any spells.
You knew the following spells:

 Your Spells              Type           Power        Failure   Level  Hunger
a - Sandblast             Erth           #####.       1%          1    None
b - Stone Arrow           Conj/Erth      #####.       1%          3    ###....
c - Petrify               Trmt/Erth      #####...     10%         4    ####...
d - Lee's Rapid Deconstr  Erth           #####.....   12%         5    #####..


Dungeon Overview and Level Annotations

Branches:
Dungeon (6/15)
 Temple: D:4-7

Altars:
Nemelex Xobeh

Annotations:
D:5 Chiseanne's ghost, experienced DsWn


Message History

The gnoll sergeant is no longer petrified.
An adder comes into view.
The adder moves out of view.
There is a stone staircase leading up here.
The gnoll barely misses you.
You climb upwards.
Level annotation: Chiseanne's ghost, experienced DsWn
There is a stone staircase leading down here.
You start resting.
Chiseanne's ghost is nearby!
Chiseanne's ghost casts a spell at you. The stone arrow hits you!
Ouch! That really hurt!
* * * LOW HITPOINT WARNING * * *
Read which item? (? for menu, Esc to quit)
As you read the scroll of fog, it crumbles to dust.
The scroll dissolves into smoke.
Chiseanne's ghost gestures at you while chanting.
The stone arrow hits you!
You die...

#.....#
###p###
#.#####.#####
#.....§§§...#
#######§###.#
#§# #.# #§#
#[#
#p###.###.#
#§..@.....#
###.###.#####
#.....#.#
#.....#.#
#.....#.#
#.....#.#
#.....#.#
###?###.##
#.##...####


You could see Chiseanne's ghost.

Vanquished Creatures
  Grinder (D:4)
  A hill giant zombie (D:3)
  Edmund (D:4)
  4 ogres
  Sigmund (D:3)
  Duvessa (D:4)
  A giant frog (D:6)
  2 gnoll sergeants (D:6)
  Dowan (D:5)
  3 hounds
  A worker ant (D:4)
  An ogre skeleton (D:4)
  6 gnolls (D:6)
  3 adders
  A scorpion zombie (D:5)
  A worm zombie (D:5)
  A giant mite (D:3)
  2 worms (D:3)
  A giant gecko (D:3)
  9 orcs
  3 giant cockroaches
  8 hobgoblins
  11 jackals
  2 quokkas
  6 bats
  3 giant newts
  5 goblins
  A jackal skeleton (D:4)
  13 kobolds
  7 rats
101 creatures vanquished.

Notes
Turn   | Place    | Note
--------------------------------------------------------------
     0 | D:1      | Kejsarherre, the Deep Elf Earth Elementalist, began the quest for the Orb.
     0 | D:1      | Reached XP level 1. HP: 10/10 MP: 5/5
   834 | D:1      | Reached skill level 4 in Earth Magic
   834 | D:1      | Reached XP level 2. HP: 15/15 MP: 4/8
  1068 | D:2      | Found a sparkling altar of Nemelex Xobeh.
  1382 | D:2      | Reached XP level 3. HP: 8/19 MP: 6/10
  1429 | D:2      | Reached skill level 5 in Earth Magic
  1483 | D:2      | Learned a level 3 spell: Stone Arrow
  1778 | D:3      | Noticed a hill giant zombie
  1993 | D:3      | Killed a hill giant zombie
  1993 | D:3      | Reached XP level 4. HP: 13/24 MP: 0/13
  1993 | D:3      | Reached XP level 5. HP: 15/28 MP: 0/16
  2180 | D:3      | Noticed Sigmund
  2248 | D:3      | Killed Sigmund
  2248 | D:3      | Reached skill level 6 in Earth Magic
  2248 | D:3      | Reached XP level 6. HP: 20/32 MP: 10/18
  2537 | D:3      | Learned a level 4 spell: Petrify
  3221 | D:4      | Noticed Edmund
  3248 | D:4      | Killed Edmund
  3248 | D:4      | Reached skill level 7 in Earth Magic
  3248 | D:4      | Reached XP level 7. HP: 36/36 MP: 3/20
  3356 | D:4      | Noticed Grinder
  3372 | D:4      | Killed Grinder
  3372 | D:4      | Reached skill level 5 in Conjurations
  3648 | D:4      | Reached XP level 8. HP: 41/41 MP: 6/21
  3974 | D:4      | Learned a level 5 spell: Lee's Rapid Deconstruction
  4037 | D:5      | Entered Level 5 of the Dungeon
  4043 | D:5      | Noticed Dowan
  4049 | D:5      | Killed Dowan
  4050 | D:5      | Noticed Duvessa
  4211 | D:4      | HP: 1/41 [Duvessa/ stone (3)]
  4522 | D:4      | Killed Duvessa
  4522 | D:4      | Reached skill level 8 in Earth Magic
  4875 | D:5      | Noticed Chiseanne's ghost (experienced DsWn)
  5245 | D:6      | HP: 2/41 [orc/whip (6)]
  5468 | D:6      | Reached skill level 5 in Transmutations
  5907 | D:5      | Killed from afar by Chiseanne's ghost

Action                   |  1- 3 |  4- 6 |  7- 9 || total
-------------------------+-------+-------+-------++-------
Melee: Dagger            |    42 |    61 |    76 ||   179
       Flail             |       |       |    42 ||    42
       Unarmed           |       |       |     5 ||     5
 Cast: Sandblast         |    47 |    19 |     6 ||    72
       Stone Arrow       |     9 |    26 |    61 ||    96
       Petrify           |       |       |     9 ||     9
       Lee's Rapid Decon |       |       |     8 ||     8
  Use: Potion            |     1 |     1 |     2 ||     4
       Scroll            |       |     8 |     7 ||    15
 Stab: Sleeping          |       |     1 |       ||     1
       Petrified         |       |       |     1 ||     1
